 Dungeon Crawl Stone Soup version 0.30-a0-715-gdb4ae3ece1 (webtiles) character file.

Game seed: 14422679051241110346

62 sokol815 the Slasher (level 3, 0/30 HPs)
             Began as a Demigod Fighter on Jan 24, 2023.
             Slain by a gnoll
             ... wielding a +0 spear
              (7 damage)
             ... on level 3 of the Dungeon.
             The game lasted 00:02:47 (2038 turns).

sokol815 the Slasher (Demigod Fighter)              Turns: 2038, Time: 00:02:48

Health: 0/30       AC:  6    Str: 17    XL:     3   Next: 60%
Magic:  5/5        EV:  8    Int: 10    God:
Gold:   108        SH:  5    Dex: 17    Spells: 2/2 levels left

rFire   . . .      SeeInvis .    a - +0 long sword
rCold   . . .      Faith    .    c - +0 buckler
rNeg    . . .      Spirit   .    b - +0 scale mail
rPois   .          Reflect  .    (no helmet)
rElec   .          Harm     .    (no cloak)
rCorr   .          Rampage  .    (no gloves)
Will    .....                    (no boots) Stlth
                                 (no amulet)
HPRegen 0.25/turn                (no ring)
MPRegen 0.09/turn                (no ring)

@: mighty
A: high MP 1, forlorn, divine attributes
a: no special abilities


You were on level 3 of the Dungeon.
You visited 1 branch of the dungeon, and saw 3 of its levels.

You collected 121 gold pieces.
You spent 13 gold pieces at shops.

Inventory:

Hand Weapons
 a - a +0 long sword (weapon)
 f - a +2 vampiric dagger
   (You took it off a goblin on level 1 of the Dungeon)
Missiles
 s - 3 stones (quivered)
Armour
 b - a +0 scale mail (worn)
 c - a +0 buckler (worn)
Magical Staves
 e - a staff of air {rElec}
   (You found it on level 1 of the Dungeon)
Wands
 p - a wand of paralysis (8)
   (You found it on level 3 of the Dungeon)
Scrolls
 d - 6 scrolls of identify {unknown}
 k - a scroll of magic mapping {unknown}
 l - a scroll of poison {unknown}
 m - a scroll of immolation {unknown}
Potions
 g - 2 potions of flight {unknown}
 h - a potion of heal wounds {unknown}
 i - a potion of attraction {unknown}
 j - a potion of lignification {unknown}


   Skills:
 - Level 2.6 Fighting
 + Level 3.7 Long Blades
 - Level 2.6 Armour
 - Level 2.6 Shields
 + Level 0.5 Evocations


You had 2 spell levels left.
You didn't know any spells.
Your spell library was empty.

Dungeon Overview and Level Annotations

Branches:
Dungeon (3/15) Zot: 15949

Shops:
D:2 :   D:3 :*

Annotations:
D:2 1 runed translucent door, Crazy Yiuf


Innate Abilities, Weirdness & Mutations

You have an increased reservoir of magic. (+10% MP)
You shall have no god before yourself.
Your divine heritage dramatically boosts your attributes as you level up.


Message History

5 orcs come into view.
The orc shouts! x3
The orc barely misses you.
You hit the orc. The orc hits you with a +0 scimitar.
You take 1 damage, and have 29/30 hp.
The orc attacks as you move away! The orc closely misses you.
Health restored: 30 The orc attacks as you move away!
The orc barely misses you.
You hit the orc. You block the orc's attack.
You closely miss the orc. You block the orc's attack.
You barely miss the orc. You block the orc's attack.
You hit the orc.
You kill the orc!
You hit the orc but do no damage. You block the orc's attack.
You hit the orc but do no damage. The orc hits you with a +0 mace.
You take 3 damage, and have 27/30 hp.
You closely miss the orc. You hit the orc. You hit the orc.
You kill the orc!
You barely miss the orc. The orc hits you but does no damage.
You barely miss the orc. The orc hits you with a +0 falchion.
You take 1 damage, and have 27/30 hp.
You closely miss the orc. The orc barely misses you.
You hit the orc.
You feel better. The orc hits you but does no damage.
Health restored: 30 You hit the orc.
The orc hits you but does no damage.
You hit the orc.
You kill the orc!
You hit the orc but do no damage. The orc hits you with a +0 mace.
You take 1 damage, and have 29/30 hp.
You closely miss the orc. The orc hits you with a +0 mace.
You take 4 damage, and have 25/30 hp.
You hit the orc. You block the orc's attack.
You hit the orc but do no damage. The orc hits you with a +0 mace.
You take 5 damage, and have 20/30 hp.
You hit the orc but do no damage. The orc completely misses you.
You hit the orc but do no damage. The orc closely misses you.
You hit the orc.
You kill the orc!
You hit the orc but do no damage. The orc hits you with a +0 flail!
You take 8 damage, and have 13/30 hp.
MASSIVE DAMAGE!!
You hit the orc but do no damage. You block the orc's attack.
You hit the orc.
You feel better.
You regained 2 hp, and now have 15/30 hp.
You hit the orc.
You feel better. The orc barely misses you.
You regained 2 hp, and now have 17/30 hp.
You hit the orc.
You feel better.
You kill the orc!
You regained 2 hp, and now have 19/30 hp.
j - a viscous green potion
Items here: ))))) [[[ †.
Okay, then.
s - 5 stones (quivered)
There is an open door here.
You see here a +0 long sword. 2 gnolls come into view.
Found a shimmering altar of Xom.
The gnoll shouts! x2
The gnoll moves out of view.
Health restored: 30 You throw a stone.
The stone hits the gnoll.
You throw a stone.
The stone hits the gnoll but does no damage.
The gnoll barely misses you.
You see here a +0 long sword.
There is an open door here.
A gnoll comes into view. It is wielding a +0 club.
The gnoll shouts!
A gnoll comes into view. It is wielding a +0 flail.
The gnoll shouts!
The gnoll throws a throwing net.
You block the throwing net.
The gnoll moves out of view.
You see here a throwing net {!d}.
You completely miss the gnoll.
You feel very mighty all of a sudden. You block the gnoll's attack. x2
You feel the dreadful sensation subside.
a - a +0 long sword (weapon)
The gnoll hits you with a +0 club.
You take 2 damage, and have 28/30 hp.
You slash the gnoll! The gnoll hits you with a +0 club.
The gnoll barely misses you. The gnoll hits you with a +0 club.
You take 6 damage, and have 22/30 hp.
You barely miss the gnoll. The gnoll hits you but does no damage.
The gnoll closely misses you. The gnoll barely misses you.
You block the gnoll's attack. The gnoll hits you with a +0 club.
You take 1 damage, and have 21/30 hp.
You barely miss the gnoll.
The gnoll hits you from afar with a +0 spear.
The gnoll hits you with a +0 flail!
* * * LOW HITPOINT WARNING * * *
You block the gnoll's attack.
You take 14 damage, and have 7/30 hp.
MASSIVE DAMAGE!!
You slash the gnoll!
You kill the gnoll!
The gnoll hits you from afar with a +0 spear!
You die...

#....# #......# #....#
#......# #....# #......#
#....# #......# #....#
#.....g### #....#
##......).# #....#
#.......#.# #..).#
#'###)###'# #....#
..#.[..@.g#..# #....#
..#...gg..#..#
##....#.'..'###'###+..'.
.)......#.. '.. ..##.
#####.#.#. #.#.. ..# # #
...'##' #._ ##' # ##.#..
#.. # # .# '.. # '


You could see 3 gnolls.

Vanquished Creatures
  An adder (D:2)
  A gnoll (D:3)
  A worm (D:2)
  A dart slug (D:1)
  6 orcs (D:3)
  3 endoplasms
  A giant cockroach (D:2)
  3 goblins
  3 hobgoblins
  4 kobolds
  3 quokkas
  5 ball pythons
  3 bats
  2 frilled lizards
  4 rats
41 creatures vanquished.

Notes
Turn   | Place    | Note
-------+----------+-------------------------------------------
     0 | D:1      | sokol815 the Demigod Fighter began the quest for the Orb.
     0 | D:1      | Reached XP level 1. HP: 18/18 MP: 3/3
    62 | D:1      | Reached skill level 2 in Long Blades
   282 | D:1      | Reached XP level 2. HP: 24/25 MP: 4/4
   972 | D:2      | Found Etuaqey's Vocational Training.
   981 | D:2      | Reached skill level 3 in Long Blades
  1102 | D:2      | HP: 6/25 [adder (1)]
  1105 | D:2      | Reached XP level 3. HP: 10/30 MP: 5/5
  1529 | D:2      | Found a runed translucent door.
  1530 | D:2      | Noticed Crazy Yiuf
  1839 | D:3      | Found Xafruhuo's General Store.
  1847 | D:3      | Bought a potion of degeneration for 13 gold pieces
  1902 | D:3      | Found Nugrearu's Book Emporium.
  2037 | D:3      | HP: 7/30 [gnoll/+0 flail (9)]
  2038 | D:3      | Slain by a gnoll

Illustrated notes

Levels and vault maps discovered:
D:1:      psy_arrival_fountain, layout_basic, ebering_ecumenical_altar_webs,
          hangedman_decor_peaks_small, chequers_big_river,
          hangedman_decor_diamond_cutter
D:2:      layout_rooms, nicolae_shop_vocational, uniq_crazy_yiuf_cottage
D:3:      layout_basic, mainiacjoe_overflow_24_doors, serial_shops, shop,
          nicolae_shop_crystal, nicolae_shop_waterfront, nicolae_shop_crystal,
          nicolae_underground_beach

Skill      XL: |  1  2 |
---------------+-------+-----
Long Blades    | 2 3 |  3.7
Fighting       | |  2.6
Armour         | |  2.6
Shields        | |  2.6
Evocations     | |  0.5

Action                     || total
---------------------------++-------
  Melee: Long sword        ||    41
         Dagger            ||   110
  Throw: Stone             ||     8
    Use: Potion            ||     1
 Armour: Scale mail        ||    53
  Dodge: Dodged            ||    49
  Block: Buckler           ||    27

Table legend: (Time is in decaauts)
 A = Elapsed time spent in this place.
 B = Non-inter-level travel time spent in this place.
 C = Inter-level travel time spent in this place.
 D = Time resting spent in this place.
 E = Time spent auto-exploring this place.
 F = Levels seen in this place.
 G = Mean time per level.
                   A        B        C        D        E       F      G
               +--------+--------+--------+--------+--------+-----+--------+
         Total |   2048 |   2009 |     39 |     51 |   1647 |   3 |  682.7 |
       Dungeon |   2048 |   2009 |     39 |     51 |   1647 |   3 |  682.7 |
               +--------+--------+--------+--------+--------+-----+--------+

Top non-repeatable levels by time:
     D:1: 1038 daAuts
     D:2: 538 daAuts
     D:3: 472 daAuts

Table legend:
 A = Kills in this place as a percentage of kills in entire the game.
 B = Kills by you in this place as a percentage of kills by you in the entire game.
 C = Kills by friends in this place as a percentage of kills by friends in the entire game.
 D = Other kills in this place as a percentage of other kills in the entire game.
 E = Experience gained in this place as a percentage of experience gained in the entire game.
 F = Experience gained in this place divided by the number of levels of this place that you have seen.
                   A       B       C       D       E      F
               +-------+-------+-------+-------+-------+----------------------
         Total | 100.0 | 100.0 |   N/A |   N/A | 100.0 |  34.3
       Dungeon | 100.0 | 100.0 |   N/A |   N/A | 100.0 |  34.3
               +-------+-------+-------+-------+-------+----------------------
